 Dungeon Crawl Stone Soup version 0.24.1 (webtiles) character file.

Game seed: 6226889748509882249, levelgen mode: deterministic

318440 Amplified the Eclecticist (level 21, -6/136 HPs)
             Began as a Gargoyle Earth Elementalist on Mar 28, 2020.
             Was the Champion of Vehumet.
             Killed from afar by a necromancer (43 damage)
             ... with a bolt of cold
             ... on level 2 of the Vaults on Mar 30, 2020.
             The game lasted 02:51:40 (45173 turns).

Amplified the Eclecticist (GrEE)                   Turns: 45173, Time: 02:51:44

Health: -6/136     AC: 34    Str: 15    XL:     21   Next: 4%
Magic:  19/41      EV: 17    Int: 24    God:    Vehumet [******]
Gold:   131        SH:  8    Dex: 11    Spells: 6/52 levels left

rFire    + + .     SeeInvis .   X - +7 eveningstar
rCold    . . .     Gourm    .   h - +3 buckler {rF+}
rNeg     + . .     Faith    .   K - +3 leather armour {rF+}
rPois    ∞         Spirit   .   r - +2 helmet
rElec    +         Reflect  .   O - scarf {repulsion}
rCorr    .         Harm     .   i - +2 pair of gloves
MR       +....     Clarity  +   c - +2 pair of boots {run}
Stlth    ++........             j - amulet of magic regeneration
HPRegen  0.32/turn              n - +4 ring of slaying
MPRegen  0.52/turn              w - ring of wizardry

@: flying, repel missiles, quick
A: big wings, thin skeletal structure 1, clarity, clever 1, clumsy 1, negative
energy resistance 1, sense surroundings 1, electricity resistance, unbreathing,
petrification resistance, rot immunity, AC +16
}: 3/15 runes: serpentine, barnacled, abyssal
a: Stop Flying, Renounce Religion


You were on level 2 of the Vaults.
You worshipped Vehumet.
Vehumet was exalted by your worship.
You were near starving.

You visited 8 branches of the dungeon, and saw 38 of its levels.
You visited the Abyss 1 time.

You collected 3365 gold pieces.
You spent 3234 gold pieces at shops.

Inventory:

Hand Weapons
 m - the +10 hunting sling "Xioloh" {venom, +Fly Dex+2}
   (You took it off a naga on level 4 of the Snake Pit)

   It poisons the ammo it fires.
   It affects your dexterity (+2).
   It lets you fly.
 y - the +7 glaive "Xarphe" {chop, Int+4}
   (You found it on level 9 of the Dungeon)

   It inflicts extra damage upon your enemies.
   It affects your intelligence (+4).
 M - the +9 quarterstaff "Fatenuc" {flame, -Tele rElec rN+}
   (You found it on level 9 of the Dungeon)

   It has been specially enchanted to burn those struck by it, causing extra
   injury to most foes and up to half again as much damage against particularly
   susceptible opponents.
   It insulates you from electricity.
   It protects you from negative energy.
   It prevents most forms of teleportation.
 X - a +7 eveningstar (weapon)
Missiles
 b - 686 stones
 e - 110 bolts
 p - 23 poisoned darts
 t - 24 silver javelins
 z - 2 throwing nets (quivered)
Armour
 c - a +2 pair of boots of running (worn)
 h - a +3 buckler of fire resistance (worn)
 i - a +2 pair of gloves (worn)
 r - a +2 helmet (worn)
 v - the +4 plate armour "Tosumaenokh" {rElec MR+ Str-4 Dex+2}
   (You found it on level 2 of the Elven Halls)

   It affects your strength (-4).
   It affects your dexterity (+2).
   It insulates you from electricity.
   It affects your resistance to hostile enchantments.
 K - a +3 leather armour of fire resistance (worn)
 O - a scarf of repulsion (worn)
 V - the +2 ratskin cloak {+Rats rPois rN+ Str-1 Int-1 Dex+1}
   (You found it on level 5 of the Lair of Beasts)

   It affects your strength (-1).
   It affects your intelligence (-1).
   It affects your dexterity (+1).
   It protects you from poison.
   It protects you from negative energy.
Jewellery
 j - an amulet of magic regeneration (around neck)
 k - an uncursed ring of protection from fire
 n - a +4 ring of slaying (left hand)
 w - a ring of wizardry (right hand)
 G - an uncursed ring of ice
 H - an uncursed ring of protection from cold
 P - a +5 ring of protection
 Q - an uncursed ring of fire
Wands
 f - a wand of enslavement (5)
 q - a wand of random effects (13)
 B - a wand of iceblast (12)
 I - a wand of disintegration (8)
 L - a wand of polymorph (12)
 R - a wand of digging (6)
 W - a wand of flame (28)
Scrolls
 a - a scroll of vulnerability
 g - a scroll of teleportation
 u - 4 scrolls of amnesia
 A - 2 scrolls of enchant armour
 C - 8 scrolls of remove curse
 D - a scroll of holy word
 N - 7 scrolls of identify
Potions
 l - a potion of mutation
 o - 2 potions of lignification
 F - 2 potions of magic
 J - 5 potions of flight
 T - a potion of cancellation
 Y - a potion of brilliance
Miscellaneous
 E - a phantom mirror
Comestibles
 d - 22 rations
 s - 3 chunks of flesh


   Skills:
 + Level 15.7 Fighting
 * Level 13.6 Maces & Flails
 - Level 13.2 Armour
 - Level 11.0 Dodging
 - Level 2.1 Stealth
 - Level 5.1 Shields
 * Level 16.1 Spellcasting
 - Level 10.1 Conjurations
   Level 2.6 Summonings
 - Level 12.4 Translocations
 - Level 0.7 Transmutations
 - Level 6.0 Air Magic
 - Level 14.4 Earth Magic


You had 6 spell levels left.
You knew the following spells:

 Your Spells              Type           Power        Failure   Level  Hunger
a - Shatter               Erth           ######....   58%         9    #######
b - Passwall              Tmut/Erth      ######..     1%          2    None
c - Conjure Ball Lightni  Conj/Air       ######....   2%          6    ####...
d - Lee's Rapid Deconstr  Erth           ######....   1%          5    #......
e - Regeneration          Chrm/Necr      ###.......   4%          3    None
f - Blink                 Tloc           N/A          1%          2    None
g - Force Lance           Conj/Tloc      ######..     1%          4    None
h - Airstrike             Air            #####.....   1%          4    None
i - Iron Shot             Conj/Erth      ######....   1%          6    ####...
j - Silence               Hex/Air        ####......   11%         5    #......

Your spell library contained the following spells:

 Spells                   Type           Power        Failure   Level  Hunger
 Ignition                 Fire           ###.......   100%        8    #######
 Apportation              Tloc           ######       0%          1    None
 Sandblast                Erth           ######       0%          1    None
 Animate Skeleton         Necr           N/A          1%          1    None
 Beastly Appendage        Tmut           ###...       1%          1    None
 Confusing Touch          Hex            ###...       1%          1    None
 Corona                   Hex            ###....      1%          1    None
 Freeze                   Ice            ###.         1%          1    None
 Magic Dart               Conj           ####         1%          1    None
 Pain                     Necr           ###.         1%          1    None
 Shock                    Conj/Air       ####         1%          1    None
 Summon Butterflies       Summ           ####....     1%          1    None
 Summon Small Mammal      Summ           ####         1%          1    None
 Call Imp                 Summ           ####....     1%          2    None
 Ensorcelled Hibernation  Hex/Ice        ###...       1%          2    None
 Poisonous Vapours        Pois/Air       ####..       1%          2    None
 Searing Ray              Conj           ######       1%          2    None
 Slow                     Hex            ###.....     1%          2    None
 Sticks to Snakes         Tmut           ###.....     1%          2    None
 Swiftness                Chrm/Air       ####....     1%          2    None
 Throw Frost              Conj/Ice       #####.       1%          2    None
 Call Canine Familiar     Summ           ####....     1%          3    None
 Conjure Flame            Conj/Fire      #####...     1%          3    None
 Dazzling Spray           Conj/Hex       #####.       1%          3    None
 Mephitic Cloud           Conj/Pois/Air  #####...     1%          3    None
 Recall                   Summ/Tloc      N/A          1%          3    None
 Static Discharge         Conj/Air       ######..     1%          3    None
 Stone Arrow              Conj/Erth      ######       1%          3    None
 Fulminant Prism          Conj/Hex       #####.....   1%          4    None
 Iskenderun's Mystic Bla  Conj           ######..     1%          4    None
 Leda's Liquefaction      Hex/Erth       ######....   1%          4    None
 Passage of Golubria      Tloc           N/A          1%          4    None
 Petrify                  Tmut/Erth      ######..     1%          4    None
 Throw Icicle             Conj/Ice       #####...     1%          4    None
 Bolt of Magma            Conj/Fire/Erth ######....   1%          5    #......
 Iskenderun's Battlesphe  Conj/Chrm      #####...     1%          5    #......
 Lightning Bolt           Conj/Air       ######....   1%          5    #......
 Summon Forest            Summ/Tloc      ######....   1%          5    #......
 Summon Guardian Golem    Hex/Summ       ####....     2%          3    None
 Summon Lightning Spire   Summ/Air       #####...     2%          4    None
 Spider Form              Tmut/Pois      ###.......   3%          3    None
 Confuse                  Hex            ###.....     4%          3    None
 Ozocubu's Armour         Chrm/Ice       ###.....     4%          3    None
 Tukima's Dance           Hex            ###.....     4%          3    None
 Vampiric Draining        Necr           ###.......   4%          3    None
 Freezing Cloud           Conj/Ice/Air   #####.....   6%          6    ####...
 Poison Arrow             Conj/Pois      #####.....   7%          6    ####...
 Summon Ice Beast         Ice/Summ       ####....     8%          4    None
 Ice Form                 Ice/Tmut       ###.....     12%         4    None
 Aura of Abjuration       Summ           ####......   12%         5    #......
 Summon Demon             Summ           ####......   12%         5    #......
 Animate Dead             Necr           N/A          13%         4    None
 Summon Mana Viper        Hex/Summ       ####....     21%         5    #......
 Blade Hands              Tmut           ###.......   26%         5    #......
 Deflect Missiles         Chrm/Air       ####......   47%         6    ####...
 Shadow Creatures         Summ           N/A          52%         6    ####...
 Darkness                 Hex            ###.......   86%         6    ####...
 Invisibility             Hex            ###.....     86%         6    ####...
 Lehudib's Crystal Spear  Conj/Erth      ######....   14%         8    #######
 Chain Lightning          Conj/Air       ######....   54%         8    #######
 Ring of Flames           Chrm/Fire      ###.......   100%        7    ######.
 Fire Storm               Conj/Fire      #####.....   100%        9    #######
 Glaciate                 Conj/Ice       #####.....   100%        9    #######
 Tornado                  Air            #####.....   100%        9    #######
 Statue Form              Tmut/Erth      Unusable     N/A         6    N/A

Dungeon Overview and Level Annotations

Branches:
Dungeon (15/15)            Temple (1/1) D:7            Lair (6/6) D:10
 Shoals (4/4) Lair:2        Snake (4/4) Lair:4        Slime (0/5) Lair:5
    Orc (2/2) D:11            Elf (3/3) Orc:2        Vaults (3/5) D:14
 Depths (0/5) D:15
  Crypt: Vaults:2-3

Altars:
Ashenzari
Cheibriados
Dithmenos
Elyvilon
Fedhas
Gozag
Hepliaklqana
Kikubaaqudgha
Makhleb
Nemelex Xobeh
Okawaru
Qazlal
Ru
Sif Muna
Trog
Uskayaw
Vehumet
Wu Jian
Xom
Yredelemnul
Zin
The Shining One
Beogh
Jiyva

Shops:
D:4 }   D:8 }==*:   D:9 *   D:12 !   D:13 =   Orc:2 *??*   Elf:1 %   Elf:2 %
Shoals:1 =   Shoals:4 %   Snake:1 **

Portals:
Hell: Lair:6
Trove: Elf:1 (give +3 shadow dragon scales)

Annotations:
D:9 Erolcha
Lair:5 1 runed translucent door
Snake:1 Jorgrun is a pest at Shoals
Snake:3 Vashnia
Elf:1 2 runed translucent doors, Trobe's ghost, adept MiFi
Elf:2 3 runed translucent doors


Innate Abilities, Weirdness & Mutations

You are resistant to torment.
Your stone body is resilient. (AC +16)
You are immune to poison.
Your large and strong wings let you fly indefinitely.
You resist negative energy. (rN+)
You are resistant to electric shocks. (rElec)
You can survive without breathing.
You are immune to petrification.
You are immune to rotting.
You have a somewhat thin skeletal structure. (Dex +2, Stealth)
You possess an exceptional clarity of mind.
Your mind is acute. (Int +2)
You are clumsy. (Dex -2)
You passively map a small area around you.


Message History

Aim: an ice dragon (severely wounded, bound soul)
The lance of force hits the ice dragon!
The ice dragon is almost dead.
The ice dragon is knocked back by the lance of force.
The necromancer casts a spell.
The necromancer binds the souls of nearby monsters.
An ogre comes into view. It is wielding a +0 giant spiked club.
Casting: Force Lance (safe; 1% risk of failure)
Confirm with . or Enter, or press ? or * to list all spells.
Aiming: Airstrike (safe; 1% risk of failure)
Press: ? - help, Dir - move target cursor, f/p - ice dragon
Aim: an ice dragon (almost dead, bound soul)
The air twists around and violently strikes the ice dragon!
The ice dragon is almost dead.
You are near starving!
The ice dragon breathes frost at you. The blast of cold misses you.
The necromancer gestures at you while chanting.
The bolt of cold hits you!!!
You die...

........# #........#
, #........########
,'........#......# *
,, #.......)OO.....#
#........#p...>.#
#........#..D...# *,
#........#......#
,###(....?.z#..@...#
#.(.....p..########
###(J.......z#
((J).........#
#####........
,,#......≈.
#........ , , , *
#......≈. , , *,
.......≈


You could see an ice dragon, a necromancer and 2 ogres.

Vanquished Creatures
  Jorgrun (Shoals:1)
  A tentacled starspawn (Abyss:2)
  Polyphemus (Shoals:3)
  Kirke (Lair:5)
  Frances (Elf:1)
  The ghost of Haof the Severer, an adept MiBe of Trog (Lair:4)
  Agnes (Snake:1)
  Gastronok (Lair:2)
  14 nagarajas
  Donald (Snake:3)
  Ilsuiw (Shoals:3)
  Louise (Shoals:3)
  A vault warden (Vaults:2)
  A deep elf sorcerer (Elf:1)
  2 ironheart preservers
  2 entropy weavers (Lair:6)
  2 deep elf annihilators
  An entropy weaver (shapeshifter) (Vaults:2)
  2 dire elephants
  6 merfolk javelineers
  A deep elf death mage (Elf:1)
  8 merfolk impalers
  A yaktaur captain (Vaults:3)
  A fire dragon (Vaults:2)
  5 vault guards
  An ice dragon (Vaults:2)
  A hell beast (Lair:6)
  15 naga warriors
  9 hydras
  2 catoblepae
  4 merfolk aquamancers
  7 anacondas
  7 merfolk avatars
  5 ogre magi
  2 death knights
  16 two-headed ogres
  A deep troll shaman (Vaults:2)
  2 tengu warriors (D:14)
  19 dancing weapons
  8 death yaks
  A satyr (Shoals:3)
  A queen ant (Lair:6)
  5 centaur warriors
  5 orc high priests (Orc:2)
  14 naga sharpshooters
  3 deep troll earth magi
  6 shock serpents
  Urug (D:13)
  6 deep elf knights
  Nergalle (D:10)
  2 salamander mystics (Snake:4)
  Sonja (D:13)
  8 skeletal warriors
  2 unseen horrors
  10 sea snakes
  6 deep trolls
  A flayed ghost (Vaults:3)
  A deep troll (shapeshifter) (Vaults:2)
  14 naga ritualists
  A glowing orange brain (Vaults:2)
  5 ironbrand convokers
  2 starcursed masses (Abyss:2)
  2 wizards
  14 deep elf archers
  An obsidian statue (Snake:1)
  A wolf spider zombie (D:14)
  18 ugly things
  Pikel (D:3)
  8 mana vipers
  18 harpies
  12 orc knights
  A wolf spider (D:15)
  14 salamanders
  47 deep elf magi
  5 cyclopes
  7 fauns
  4 orc sorcerers
  12 manticores
  7 elephants
  2 vault sentinels
  6 merfolk sirens
  23 naga magi
  28 black mambas
  A guardian serpent (shapeshifter) (Vaults:3)
  6 guardian serpents
  5 water nymphs
  An ice statue (D:9)
  14 spiny frogs
  2 orange demons (Lair:6)
  A kobold demonologist (D:12)
  A torpor snail (Lair:6)
  3 rime drakes
  4 freezing wraiths
  A smoke demon (Abyss:3)
  9 komodo dragons
  2 centaur skeletons (D:15)
  A yaktaur (shapeshifter) (Elf:3)
  7 yaktaurs
  An ice devil (Lair:6)
  2 hellwings
  An ancient zyme (Abyss:2)
  2 red devils (Lair:6)
  22 merfolk
  8 polar bears
  5 trolls
  3 wind drakes (Shoals:4)
  5 snapping turtles
  A harpy skeleton (D:14)
  15 slime creatures
  A dream sheep (Lair:6)
  16 hippogriffs
  A hornet (D:10)
  22 blink frogs
  Sigmund (D:3)
  2 air elementals
  36 yaks
  A shadow (D:15)
  2 wraiths
  5 fire elementals
  2 hogs (Lair:5)
  18 water elementals
  2 wyverns
  A hungry ghost (D:11)
  Eustachio (D:6)
  3 basilisks
  2 fire bats (Lair:3)
  2 golden eyes (shapeshifter)
  14 vampire mosquitoes
  A small abomination (Abyss:2)
  Edmund (D:6)
  A spatial vortex (Abyss:2)
  6 wargs
  2 acid dragons (D:14)
  18 soldier ants
  51 nagas
  4 hell hounds (Lair:6)
  4 porcupines
  Duvessa (D:6)
  15 water moccasins
  2 slaves (D:3)
  A hornet zombie (D:12)
  4 eyes of draining
  5 sky beasts
  2 black bears
  17 ogres
  36 orc warriors
  A phantom (D:4)
  4 boggarts (Vaults:2)
  13 wolves
  10 centaurs
  14 crocodiles
  A big kobold (D:9)
  21 bullfrogs
  4 earth elementals
  2 wyvern skeletons
  2 wyvern zombies
  7 scorpions
  Dowan (D:6)
  14 killer bees
  3 howler monkeys (D:8)
  9 wights
  2 electric eels (Lair:2)
  6 centaur zombies
  4 bullfrog zombies
  6 crimson imps
  A jelly (shapeshifter) (D:15)
  4 hounds
  2 quasits
  A jelly (D:14)
  Crazy Yiuf (D:6)
  21 orc priests
  A gnoll shaman (Orc:2)
  5 bullfrog skeletons
  Jessica (D:3)
  Natasha (thrice) (D:3)
  32 orc wizards
  An iguana (D:7)
  25 worker ants
  A hound zombie (D:5)
  A hound skeleton (D:10)
  4 worker ant zombies
  10 gnolls
  A howler monkey skeleton (D:11)
  18 adders
  4 shadow imps
  2 oozes
  An adder skeleton (D:4)
  4 worms
  2 dart slugs
  2 leopard geckos
  111 orcs
  8 giant cockroaches
  6 goblins
  8 hobgoblins
  2 jackals (D:6)
  2 quokkas
  A ball python (D:1)
  6 bats
  6 frilled lizards
  A jackal skeleton (D:4)
  8 kobolds
  2 quokka skeletons
  7 rats
  16 plants
  2 starspawn tentacles (Abyss:2)
1368 creatures vanquished.

Vanquished Creatures (collateral kills)
  A mana viper (Snake:1)
  A naga mage (Snake:4)
  A water nymph (Shoals:2)
3 creatures vanquished.

Vanquished Creatures (others)
  Nikola (Elf:2)
  A merfolk impaler (Shoals:3)
  A naga warrior (Snake:2)
  A deep elf mage (Elf:1)
  209 ball lightnings
  A human (Lair:5)
  A centaur (Vaults:2)
  An orc wizard (Orc:1)
  A worker ant (Lair:6)
  2 bushes (Lair:6)
  16 fungi
  17 plants
  10 starspawn tentacles (Abyss:3)
  13 tentacles (Shoals:3)
275 creatures vanquished.

Grand Total: 1646 creatures vanquished

Notes
Turn   | Place    | Note
-------+----------+-------------------------------------------
     0 | D:1      | Amplified the Gargoyle Earth Elementalist began the quest
                  | for the Orb.
     0 | D:1      | Reached XP level 1. HP: 10/10 MP: 3/3
   469 | D:1      | Reached XP level 2. HP: 11/16 MP: 5/5
   893 | D:1      | Reached skill level 1 in Fighting
   898 | D:1      | Reached skill level 1 in Armour
   902 | D:1      | Learned a level 2 spell: Passwall
  1090 | D:2      | Reached XP level 3. HP: 20/20 MP: 6/6
  1154 | D:2      | Learned a level 3 spell: Stone Arrow
  1396 | D:2      | Found a faded altar of an unknown god.
  1581 | D:3      | Noticed Sigmund
  1698 | D:2      | Reached XP level 4. HP: 14/26 MP: 7/7
  1889 | D:3      | Reached XP level 5. HP: 30/30 MP: 9/9
  1983 | D:4      | Found a glowing golden altar of the Shining One.
  2246 | D:4      | Noticed a phantom
  2400 | D:4      | Killed a phantom
  2400 | D:4      | Reached skill level 3 in Spellcasting
  2400 | D:4      | Reached XP level 6. HP: 32/36 MP: 3/10
  2441 | D:4      | Found an ancient bone altar of Kikubaaqudgha.
  2442 | D:4      | Found Xejuybri's Gadget Emporium.
  2706 | D:4      | Reached skill level 5 in Earth Magic
  3207 | D:4      | Noticed a slave
  3207 | D:4      | Noticed a slave
  3211 | D:4      | Noticed a slave
  3211 | D:4      | Noticed a slave
  3212 | D:4      | Noticed Pikel
  3274 | D:3      | Killed a slave
  3326 | D:3      | Noticed Natasha
  3338 | D:3      | Killed Natasha
  3338 | D:3      | Reached XP level 7. HP: 30/41 MP: 12/12
  3352 | D:3      | Found a sacrificial altar of Ru.
  3433 | D:3      | Learned a level 4 spell: Petrify
  3444 | D:3      | Noticed Natasha
  3453 | D:3      | Killed Natasha
  3653 | D:3      | Noticed Natasha
  4119 | D:3      | Noticed Jessica
  4122 | D:3      | Killed Jessica
  4175 | D:3      | Killed Natasha
  4451 | D:3      | Killed Sigmund
  4567 | D:3      | Killed Pikel
  4567 | D:3      | Reached skill level 4 in Spellcasting
  4567 | D:3      | Reached XP level 8. HP: 48/48 MP: 14/14
  4664 | D:5      | Entered Level 5 of the Dungeon
  4688 | D:5      | Found a shimmering blue altar of Sif Muna.
  4688 | D:5      | Found a shimmering altar of Xom.
  4961 | D:5      | Noticed a hippogriff
  4969 | D:5      | Killed a hippogriff
  4969 | D:5      | Reached skill level 5 in Fighting
  4969 | D:5      | Reached skill level 5 in Armour
  5290 | D:5      | Learned a level 5 spell: Lee's Rapid Deconstruction
  5318 | D:5      | Reached XP level 9. HP: 52/54 MP: 16/16
  5345 | D:5      | Reached skill level 5 in Spellcasting
  5908 | D:6      | Noticed Edmund
  5917 | D:6      | Killed Edmund
  6094 | D:6      | Noticed Eustachio
  6098 | D:6      | Killed Eustachio
  6143 | D:6      | Reached skill level 5 in Dodging
  6163 | D:6      | Found a runed translucent door.
  6164 | D:6      | Noticed Crazy Yiuf
  6169 | D:6      | Killed Crazy Yiuf
  6757 | D:6      | Noticed Dowan
  6759 | D:6      | Noticed Duvessa
  6761 | D:6      | Killed Dowan
  6766 | D:6      | Killed Duvessa
  6980 | D:7      | Reached skill level 6 in Spellcasting
  6980 | D:7      | Reached XP level 10. HP: 51/61 MP: 19/19
  6994 | D:7      | Noticed a moth of wrath
  6997 | D:7      | Found a bloodstained altar of Trog.
  7283 | D:7      | Found a staircase to the Ecumenical Temple.
  7292 | Temple   | Entered the Ecumenical Temple
  8052 | D:8      | Found Genox's Assorted Antiques.
  8063 | D:8      | Bought a scroll labeled ZEOVIRIBOC for 23 gold pieces
  8063 | D:8      | Bought a potion of heal wounds for 115 gold pieces
  8063 | D:8      | Bought a scroll of teleportation for 69 gold pieces
  8122 | D:8      | Found Osegag's Jewellery Shoppe.
  8148 | D:8      | Found Jorhid's Gadget Shop.
  8160 | D:8      | Found Nif Xeh's Jewellery Emporium.
  8172 | D:8      | Learned a level 3 spell: Regeneration
  8175 | D:8      | Learned a level 2 spell: Blink
  8396 | D:8      | Found Mesoba's Book Shop.
  8931 | D:8      | Found a hazy altar of Hepliaklqana.
  8931 | D:8      | Found a radiant altar of Vehumet.
  8931 | D:8      | Found a hide-covered altar of Uskayaw.
  8931 | D:8      | Found a burning altar of Makhleb.
  8940 | D:8      | Became a worshipper of Vehumet
  8985 | D:9      | Found a sparkling altar of Nemelex Xobeh.
  9063 | D:9      | Found Mobluph's Assorted Antiques.
  9110 | D:9      | Got a warped quarterstaff
  9112 | D:9      | Bought a scroll of teleportation for 84 gold pieces
  9112 | D:9      | Bought a potion of curing for 84 gold pieces
  9157 | D:9      | Identified the +9 quarterstaff "Fatenuc" {flame, -Tele
                  | rElec rN+} (You found it on level 9 of the Dungeon)
  9164 | D:9      | Noticed an ice statue
  9170 | D:9      | Killed an ice statue
  9256 | D:9      | Got a jewelled glaive
  9485 | D:9      | Identified a +2 pair of boots of running (You found it on
                  | level 9 of the Dungeon)
  9504 | D:9      | Reached * piety under Vehumet
  9504 | D:9      | Offered knowledge of Flame Tongue by Vehumet.
  9539 | D:9      | Identified the +7 glaive "Xarphe" {chop, Int+4} (You found
                  | it on level 9 of the Dungeon)
  9808 | D:10     | Entered Level 10 of the Dungeon
  9845 | D:10     | Reached skill level 7 in Spellcasting
 10067 | D:10     | Reached XP level 11. HP: 60/68 MP: 21/21
 10089 | D:10     | Reached skill level 1 in Translocations
 10302 | D:10     | Found a staircase to the Lair.
 10655 | D:11     | Found an iron altar of Okawaru.
 10664 | D:11     | Noticed Nergalle
 10665 | D:11     | Noticed a manticore
 10838 | D:12     | Noticed a deep elf mage
 10846 | D:12     | Found Ompiakhlisu's Distillery.
 10856 | D:12     | Killed a deep elf mage
 10860 | D:12     | Offered knowledge of Shock by Vehumet.
 10860 | D:12     | Reached skill level 10 in Earth Magic
 10868 | D:12     | Reached ** piety under Vehumet
 11072 | D:12     | Learned a level 4 spell: Force Lance
 11371 | D:12     | Reached skill level 1 in Conjurations
 11859 | D:10     | Killed Nergalle
 12144 | D:11     | Offered knowledge of Static Discharge by Vehumet.
 12147 | D:11     | Killed a manticore
 12213 | D:11     | Reached XP level 12. HP: 58/76 MP: 23/23
 12237 | D:11     | Reached *** piety under Vehumet
 12256 | D:11     | Reached skill level 8 in Spellcasting
 12272 | D:11     | Reached skill level 5 in Translocations
 12323 | D:11     | Offered knowledge of Airstrike by Vehumet.
 12484 | D:11     | Found a staircase to the Orcish Mines.
 12664 | D:11     | Noticed a death knight
 12667 | D:11     | Noticed a four-headed hydra
 12672 | D:11     | Killed a death knight
 12673 | D:11     | Killed a four-headed hydra
 12948 | D:9      | Noticed Erolcha
 12954 | D:9      | Paralysed by Erolcha for 3 turns
 13179 | Lair:1   | Entered Level 1 of the Lair of Beasts
 13214 | Lair:1   | Reached **** piety under Vehumet
 13261 | Lair:1   | Learned a level 4 spell: Airstrike
 13568 | Lair:1   | Offered knowledge of Inner Flame by Vehumet.
 13617 | Lair:1   | Identified the cursed +0 ring mail of Nemelex Xobeh's Scorn
                  | {MR+} (You found it on level 1 of the Lair of Beasts)
 14229 | Lair:2   | Reached XP level 13. HP: 82/82 MP: 24/25
 14340 | Lair:2   | Noticed Gastronok
 14350 | Lair:2   | Killed Gastronok
 14350 | Lair:2   | Reached skill level 10 in Fighting
 14350 | Lair:2   | Reached skill level 10 in Armour
 14350 | Lair:2   | Reached skill level 5 in Conjurations
 14526 | Lair:2   | Found a staircase to the Shoals.
 14674 | Lair:3   | Reached skill level 9 in Spellcasting
 15345 | Lair:4   | Reached ***** piety under Vehumet
 15345 | Lair:4   | Offered knowledge of Venom Bolt by Vehumet.
 15562 | Lair:4   | Found a staircase to the Snake Pit.
 15987 | Lair:5   | Found a runed translucent door.
 15988 | Lair:5   | Found a viscous altar of Jiyva.
 15994 | Lair:5   | Found a staircase to the Slime Pits.
 16219 | Lair:5   | Found the +2 ratskin cloak {+Rats rPois rN+ Str-1 Int-1
                  | Dex+1}
 16267 | Lair:5   | Noticed Kirke
 16301 | Lair:5   | Killed Kirke
 16781 | Lair:6   | Entered Level 6 of the Lair of Beasts
 16836 | Lair:6   | Gained mutation: Your large and strong wings let you fly
                  | indefinitely. [Gargoyle growth]
 16836 | Lair:6   | Reached XP level 14. HP: 62/88 MP: 5/27
 17155 | Lair:6   | Noticed a dire elephant
 17370 | Lair:6   | Offered knowledge of Bolt of Draining by Vehumet.
 17514 | Lair:6   | Killed a dire elephant
 17840 | Lair:6   | Noticed an entropy weaver
 17864 | Lair:6   | Killed an entropy weaver
 17864 | Lair:6   | Reached skill level 10 in Spellcasting
 18166 | Lair:5   | Reached skill level 10 in Translocations
 18673 | Lair:6   | Found a burning altar of Makhleb.
 19012 | Lair:6   | Noticed an entropy weaver
 19063 | Lair:6   | Killed an entropy weaver
 19249 | Lair:6   | Found a gateway to Hell.
 19574 | Orc:1    | Entered Level 1 of the Orcish Mines
 19613 | Orc:1    | Learned a level 6 spell: Iron Shot
 19660 | Orc:2    | Entered Level 2 of the Orcish Mines
 19676 | Orc:2    | Reached XP level 15. HP: 80/95 MP: 29/29
 19866 | Orc:2    | Found a staircase to the Elven Halls.
 19987 | Orc:2    | Paralysed by an orc sorcerer for 6 turns
 20001 | Orc:2    | Gained mutation: You are weak. (Str -2) [a neqoxec]
 20554 | Orc:2    | Offered knowledge of Bolt of Cold by Vehumet.
 20707 | Orc:2    | Found a roughly hewn altar of Beogh.
 21067 | D:13     | Noticed Urug
 21285 | D:13     | Found Xoerhovu's Jewellery Shoppe.
 21306 | D:13     | Noticed Sonja
 21309 | D:13     | Killed Sonja
 21432 | D:13     | Killed Urug
 22349 | D:14     | Found a gate to the Vaults.
 22815 | D:14     | Reached skill level 10 in Dodging
 22959 | D:14     | Reached skill level 11 in Spellcasting
 22966 | D:14     | Reached ****** piety under Vehumet
 23347 | D:14     | Reached XP level 16. HP: 50/103 MP: 22/31
 23613 | D:15     | Entered Level 15 of the Dungeon
 23656 | D:15     | Offered knowledge of Conjure Ball Lightning by Vehumet.
 23665 | D:15     | Learned a level 6 spell: Conjure Ball Lightning
 24048 | D:15     | Found a blossoming altar of Fedhas.
 24375 | D:15     | Found a staircase to the Depths.
 24932 | Orc:1    | Paralysed by an ogre mage for 7 turns
 25363 | Orc:2    | Found Leonga's Magic Scroll Boutique.
 25363 | Orc:2    | Found Tooklila's General Store.
 25365 | Orc:2    | Found Nocwyosk's Assorted Antiques.
 25365 | Orc:2    | Found Elar's Magic Scroll Emporium.
 25371 | Orc:2    | Bought a scroll of teleportation for 51 gold pieces
 25375 | Orc:2    | Bought a scroll labeled JEYPAF MIYKH for 26 gold pieces
 25375 | Orc:2    | Bought a potion of heal wounds for 130 gold pieces
 25376 | Orc:2    | Bought a scroll of blinking for 82 gold pieces
 25376 | Orc:2    | Bought a scroll of fear for 38 gold pieces
 25376 | Orc:2    | Bought a scroll of teleportation for 33 gold pieces
 25378 | Orc:2    | Bought a potion of might for 64 gold pieces
 25378 | Orc:2    | Bought 2 potions of agility for 128 gold pieces
 25380 | Orc:2    | Bought a scroll of magic mapping for 38 gold pieces
 25380 | Orc:2    | Bought a scroll of enchant weapon for 82 gold pieces
 25380 | Orc:2    | Bought a scroll of enchant weapon for 82 gold pieces
 25382 | Orc:2    | Bought a tapered glass wand for 104 gold pieces
 25814 | Lair:3   | Learned a level 4 spell: Summon Lightning Spire
 26143 | Snake:1  | Entered Level 1 of the Snake Pit
 26258 | Snake:1  | Offered knowledge of Ozocubu's Refrigeration by Vehumet.
 26354 | Snake:1  | Reached skill level 1 in Maces & Flails
 26473 | Snake:1  | Reached skill level 1 in Summonings
 26473 | Snake:1  | Reached skill level 1 in Air Magic
 26492 | Snake:1  | Noticed Agnes
 26545 | Snake:1  | Killed Agnes
 26845 | Snake:3  | Noticed a nagaraja
 26863 | Snake:3  | Killed a nagaraja
 27151 | Elf:1    | Entered Level 1 of the Elven Halls
 27232 | Elf:1    | Found Gaqisoac's Food Shop.
 27233 | Elf:1    | Noticed Frances
 27278 | Elf:1    | Killed Frances
 27714 | Shoals:1 | Entered Level 1 of the Shoals
 27744 | Shoals:1 | Noticed Jorgrun
 28136 | Shoals:1 | Found Zits's Jewellery Shoppe.
 28150 | Shoals:1 | Reached XP level 17. HP: 85/109 MP: 28/32
 28449 | Snake:1  | Found a runed translucent gate.
 28449 | Snake:1  | Found a runed translucent gate.
 28449 | Snake:1  | Found a runed translucent gate.
 28451 | Snake:1  | Found an opulent altar of Gozag.
 28451 | Snake:1  | Found Ybedgh's Assorted Antiques.
 28452 | Snake:1  | Noticed Haof's ghost (adept MiBe)
 28454 | Snake:1  | Found Heubrow's Assorted Antiques.
 28462 | Snake:1  | Reached skill level 1 in Shields
 28948 | Snake:1  | Offered knowledge of Bolt of Fire by Vehumet.
 29072 | Snake:1  | Bought a scroll of enchant weapon for 315 gold pieces
 29290 | D:13     | Bought a +4 ring of slaying for 936 gold pieces
 29668 | Snake:2  | Found an ornate altar of the Wu Jian Council.
 29675 | Snake:2  | Reached skill level 5 in Shields
 29921 | Snake:2  | Reached skill level 12 in Spellcasting
 31426 | Shoals:3 | Noticed Louise
 31426 | Shoals:3 | Noticed Ilsuiw
 31477 | Shoals:4 | Entered Level 4 of the Shoals
 31955 | Shoals:4 | Offered knowledge of Orb of Destruction by Vehumet.
 32737 | Shoals:4 | Reached skill level 5 in Maces & Flails
 32787 | Shoals:4 | Reached skill level 5 in Air Magic
 32838 | Shoals:3 | Noticed Polyphemus
 32888 | Shoals:3 | Killed Polyphemus
 32888 | Shoals:3 | Reached XP level 18. HP: 33/114 MP: 10/34
 33138 | Shoals:3 | Cast into level 2 of the Abyss (Louise)
 33143 | Abyss:2  | Found a corrupted altar of Lugonu.
 33286 | Abyss:2  | Found a corrupted altar of Lugonu.
 33327 | Abyss:2  | Found a corrupted altar of Lugonu.
 33352 | Abyss:3  | Lost mutation: You are weak. (Str -2) [potion of mutation]
 33352 | Abyss:3  | Gained mutation: Your muscles are strong. (Str +2) [potion
                  | of mutation]
 33352 | Abyss:3  | Gained mutation: You are frail. (-10% HP) [potion of
                  | mutation]
 33352 | Abyss:3  | Gained mutation: Your spells are a little harder to cast,
                  | but a little more powerful. [potion of mutation]
 33353 | Abyss:3  | Lost mutation: Your spells are a little harder to cast, but
                  | a little more powerful. [potion of mutation]
 33353 | Abyss:3  | Lost mutation: Your muscles are strong. (Str +2) [potion of
                  | mutation]
 33353 | Abyss:3  | Gained mutation: You expend magic power (3 MP) to
                  | strengthen your wands. [potion of mutation]
 33353 | Abyss:3  | Gained mutation: You are clumsy. (Dex -2) [potion of
                  | mutation]
 33353 | Abyss:3  | Gained mutation: You have a pair of small antennae on your
                  | head. [potion of mutation]
 33353 | Abyss:3  | Gained mutation: You passively map a small area around you.
                  | [potion of mutation]
 33354 | Abyss:3  | Lost mutation: You are clumsy. (Dex -2) [potion of
                  | mutation]
 33354 | Abyss:3  | Lost mutation: You expend magic power (3 MP) to strengthen
                  | your wands. [potion of mutation]
 33354 | Abyss:3  | Lost mutation: You have a pair of small antennae on your
                  | head. [potion of mutation]
 33354 | Abyss:3  | Gained mutation: You expend magic power (3 MP) to
                  | strengthen your wands. [potion of mutation]
 33354 | Abyss:3  | Gained mutation: Your spells are a little harder to cast,
                  | but a little more powerful. [potion of mutation]
 33355 | Abyss:3  | Lost mutation: You are frail. (-10% HP) [potion of
                  | mutation]
 33355 | Abyss:3  | Lost mutation: Your spells are a little harder to cast, but
                  | a little more powerful. [potion of mutation]
 33355 | Abyss:3  | Lost mutation: You expend magic power (3 MP) to strengthen
                  | your wands. [potion of mutation]
 33355 | Abyss:3  | Gained mutation: You possess an exceptional clarity of
                  | mind. [potion of mutation]
 33355 | Abyss:3  | Gained mutation: You are clumsy. (Dex -2) [potion of
                  | mutation]
 33355 | Abyss:3  | Gained mutation: You have a somewhat thin skeletal
                  | structure. (Dex +2, Stealth) [potion of mutation]
 33355 | Abyss:3  | Gained mutation: Your mind is acute. (Int +2) [potion of
                  | mutation]
 33622 | Abyss:3  | Found a corrupted altar of Lugonu.
 33642 | Abyss:3  | Found a transporter.
 33667 | Abyss:3  | Learned a level 9 spell: Shatter
 33669 | Abyss:3  | Noticed a profane servitor
 33670 | Abyss:3  | Found a transporter.
 33672 | Abyss:3  | Got an abyssal rune of Zot
 33674 | Abyss:3  | Identified the +2 large shield of the Slightly Bent {Str+2}
 33712 | Shoals:3 | Escaped the Abyss
 33844 | Shoals:3 | HP: 4/114 [tentacle[a kraken] (17)]
 33853 | Shoals:3 | HP: 5/114 [water elemental (14)]
 34460 | Vaults:1 | Entered Level 1 of the Vaults
 34749 | Elf:1    | Bought a ration for 70 gold pieces
 34749 | Elf:1    | Bought a ration for 70 gold pieces
 34749 | Elf:1    | Bought a ration for 70 gold pieces
 34749 | Elf:1    | Bought a ration for 70 gold pieces
 34854 | Elf:1    | Found a large runed translucent door.
 34901 | Elf:1    | Reached skill level 10 in Conjurations
 34987 | Elf:1    | Identified the cursed +1 falchion "Pykk" {slice, rC+ Str+3}
 35337 | Elf:1    | Found a large runed translucent door.
 35339 | Elf:1    | Noticed Trobe's ghost (adept MiFi)
 35516 | Elf:1    | Found a portal to a secret trove of treasure.
 35726 | Elf:1    | Identified Nocwofie's Tome of Confrontation and the Escort
 35926 | Elf:2    | Noticed Nikola
 35945 | Elf:2    | Killed Nikola
 35979 | Elf:2    | Offered knowledge of Ignition by Vehumet.
 36082 | Elf:2    | Found a runed translucent gate.
 36082 | Elf:2    | Found a runed translucent gate.
 36106 | Elf:2    | Found a runed translucent gate.
 36121 | Elf:2    | Reached skill level 13 in Spellcasting
 36145 | Elf:2    | Got a slimy plate armour
 36146 | Elf:2    | Identified the +4 plate armour "Tosumaenokh" {rElec MR+
                  | Str-4 Dex+2} (You found it on level 2 of the Elven Halls)
 36426 | Elf:2    | Found Xokeck's Food Shoppe.
 36431 | Elf:2    | Bought a ration for 70 gold pieces
 36431 | Elf:2    | Bought a ration for 70 gold pieces
 36493 | Elf:3    | Entered Level 3 of the Elven Halls
 36947 | Elf:3    | Reached XP level 19. HP: 93/120 MP: 36/36
 37557 | Elf:1    | Bought a ration for 70 gold pieces
 37785 | Lair:4   | Killed Haof's ghost
 38748 | Snake:3  | Noticed Vashnia
 38822 | Snake:4  | Entered Level 4 of the Snake Pit
 39092 | Snake:3  | Noticed Donald
 39104 | Snake:3  | Killed Donald
 39288 | Snake:3  | Reached skill level 14 in Spellcasting
 39309 | Snake:3  | Reached skill level 10 in Maces & Flails
 40043 | Snake:4  | Identified the +10 hunting sling "Xioloh" {venom, +Fly
                  | Dex+2}
 40894 | Snake:4  | Reached XP level 20. HP: 77/128 MP: 16/38
 41065 | Snake:4  | Reached skill level 15 in Spellcasting
 41232 | Snake:4  | Reached skill level 15 in Fighting
 41572 | Snake:4  | Got a serpentine rune of Zot
 42036 | Shoals:1 | Killed Jorgrun
 42711 | Shoals:3 | Killed Ilsuiw
 42958 | Shoals:4 | Learned a level 5 spell: Silence
 43171 | Shoals:3 | Killed Louise
 43385 | Shoals:4 | Got a barnacled rune of Zot
 43530 | Shoals:4 | Found Qavool's Food Boutique.
 43539 | Shoals:4 | Bought a ration for 65 gold pieces
 43539 | Shoals:4 | Bought a ration for 65 gold pieces
 43539 | Shoals:4 | Bought a ration for 65 gold pieces
 43539 | Shoals:4 | Bought a ration for 65 gold pieces
 44053 | Vaults:1 | HP: 4/130 [orc priest/divine providence[an orc knight]
                  | (15)]
 44774 | Vaults:2 | Reached skill level 16 in Spellcasting
 45098 | Vaults:2 | Identified the cursed +2 morningstar of Siumey {flame,
                  | rPois Str-4 Dex+3}
 45148 | Vaults:2 | Reached XP level 21. HP: 89/136 MP: 36/41
 45173 | Vaults:2 | Killed from afar by a necromancer

Levels and vault maps discovered:
D:1:      sevenhm_arrival_forest_fort_large_2, layout_loops_ring
D:2:      layout_rooms, first_ration, chequers_ecumenical_altar_simple,
          chequers_serial_rivers_micro_c
D:3:      layout_loops_cross, nicolae_overflow_crystal_walls, uniq_jessica,
          uniq_natasha, uniq_sigmund
D:4:      layout_loops_corners, overflow_temple_1_default,
          nicolae_tso_swordbearing_angel, serial_shops, shop,
          minmay_fountain_box, uniq_pikel
D:5:      layout_basic, gammafunk_temple_overflow_pools, serial_bayou_pond_d,
          minmay_manual_maat
D:6:      layout_basic, uniq_edmund, uniq_eustachio, uniq_crazy_yiuf_cottage,
          uniq_duvessa
D:7:      wander_river, layout_basic, tgw_trog,
          minmay_temple_entry_drinking_statues, grunt_ogre_cave
D:8:      layout_basic, minitemple, serial_shops, shop, shop, shop,
          nicolae_shop_waterfront, shop_coins
D:9:      layout_long_grid, nemelex_xobeh_ov_fountains_minmay, serial_shops,
          nicolae_shop_overgrown_old_shop, minivault_15, uniq_erolcha
D:10:     layout_roguey, lair_entry_dummy
D:11:     minmay_the_grid_triangle_9x9_rhombus_thin
          [minmay_the_grid_triangle_9x9_odd_lines,
          minmay_the_grid_triangle_9x9_prize_center,
          minmay_the_grid_triangle_9x9_alien,
          minmay_the_grid_triangle_9x9_swiss_cheese], layout_rooms, basic_altar,
          uniq_nergalle
D:12:     layout_basic, serial_shops, nicolae_shop_statue_plus
D:13:     layout_layer_cave, minmay_shop_enchanted_jewellery, uniq_sonja,
          uniq_urug
D:14:     layout_roguey, lightli_vaults_fourway_checkpoint, patterned_corridor,
          hangedman_decor_clover_reticule
D:15:     hangedman_depths_entry_try_elsewhere_first, layout_irregular_city,
          fedhas_altar_2
Temple:   chequers_temple_sunken
Lair:1:   layout_loops_ring, beast_lair_carwin_2
Lair:2:   layout_chaotic_city, minmay_shoals_entry_beasts, st_stairs_8,
          fungi_pond_lemuel, gammafunk_lair_bear_cave, grunt_megastairs_1,
          uniq_gastronok
Lair:3:   layout_gridlike, cheibrodos_lair_lostbears, lemuel_fruit_tree
Lair:4:   layout_loops_ring, minmay_snake_entry_guardpost_small,
          serial_bayou_shore_b, grunt_megastairs_2
Lair:5:   layout_gridlike, slime_altar_2, uniq_kirke
Lair:6:   evil_forest, layout_small_grid, zaba_antful_of_joy,
          lemuel_fruit_fields, infiniplex_staircase_pool, grunt_megastairs_4
Shoals:1: cheibrodos_shoals_baths, layout_shoals, serial_shops, shop,
          uniq_jorgrun
Shoals:2: layout_shoals
Shoals:3: layout_shoals, uniq_louise, uniq_ilsuiw, uniq_polyphemus
Shoals:4: shoals_end_simple, layout_shoals, serial_shops,
          nicolae_shop_waterfront
Snake:1:  layout_gridlike, ebering_ghost_gozag, grunt_megastairs_3, uniq_agnes
Snake:2:  layout_chambers, basic_altar, st_stairs_8
Snake:3:  layout_layer_cave, st_stairs_8, uniq_donald, uniq_vashnia
Snake:4:  johnstein_snake_rune_scales, layout_misc_corridors, st_stairs_1
Orc:1:    layout_diamond_mine
Orc:2:    grunt_orc_tribal_feast, layout_diamond_mine, basic_altar
Elf:1:    eino_elf_arrival_customs, layout_rooms, nicolae_trove_entry_crossroad,
          ebering_ghost_disaster_area, serial_shops, shop, minmay_elf_sorcery,
          st_stairs_14, uniq_frances
Elf:2:    layout_loops_cross, serial_shops, shop, uniq_nikola
Elf:3:    elf_hall, layout_onion_city
Vaults:1: v_alt_pattern_2, vaults_mumra_minichess_inversion, v_misc_2,
          nicolae_vaults_halls_meeting, grunt_vaults_swirl, v_alt_pattern_3,
          ontoclasm_vaults_twist, v_pattern_2, nicolae_vaults_little_squares_3,
          vaults_dpeg_spiral, nicolae_vaults_yaktaur_gun_rack,
          nicolae_vaults_specimen_jars, nicolae_vaults_diagonal_hallway_9,
          v_misc_16, nicolae_vaults_angled_halls, layout_vaults_maze_bifur,
          uniq_aizul
Vaults:2: hangedman_vaults_maws, vaults_standard_mumra_x, vaults_room_octagon,
          nicolae_vaults_mini_display_case, vaults_dpeg_encased_lava,
          vaults_mumra_minichess, layout_vaults_omnigrid, serial_shops,
          nicolae_shop_competitors_out_of_business
Vaults:3: grunt_vaults_twisty, v_rooms_5, nicolae_vaults_network_s,
          vaults_room_hallway, v_misc_4, minmay_crypt_entry_simple_round,
          nicolae_vaults_little_squares_1, st_spiral_rooms,
          vaults_room_mumra_shop_pool, nicolae_vaults_shelves_hall,
          ontoclasm_vaults_misaligned, nicolae_vaults_little_squares_3,
          nicolae_vaults_windows_and_doors_thing, vaults_dpeg_ring,
          vaults_room_pool, layout_vaults_ring, serial_shops,
          nicolae_shop_behind_doors, uniq_margery

Skill      XL: |  1  2  3  4  5  6  7  8  9 10 11 12 13 14 15 16 17 18 19 20 |
---------------+-------------------------------------------------------------+-----
Fighting       | 1 2 3 4 5 6 7 9 10 11 12 13 14 15 | 15.7
Armour         | 1 2 3 4 5 6 7 8 9 10 11 12 13 | 13.2
Earth Magic    | 4 5 6 8 9 10 11 12 13 14 | 14.4
Dodging        | 2 3 4 5 6 7 8 9 10 11 | 11.0
Spellcasting   | 3 4 6 7 8 9 10 11 12 13 14 16 | 16.1
Translocations | 4 7 8 10 11 12 | 12.4
Conjurations   | 2 4 6 7 9 10 | 10.1
Maces & Flails | 2 5 9 11 13 | 13.6
Summonings     | 2 |  2.6
Air Magic      | 2 5 6 |  6.0
Shields        | 5 |  5.1
Stealth        | |  2.1
Transmutations | |  0.7

Action                   |  1- 3 |  4- 6 |  7- 9 | 10-12 | 13-15 | 16-18 | 19-21 || total
-------------------------+-------+-------+-------+-------+-------+-------+-------++-------
Melee: Whip              |    50 |   209 |   111 |       |       |       |       ||   370
       Scythe            |       |       |   172 |   130 |       |       |       ||   302
       Quarterstaff      |       |       |       |    34 |     2 |       |       ||    36
       Glaive            |       |       |       |   359 |   595 |   278 |       ||  1232
       Eveningstar       |       |       |       |       |       |   817 |   763 ||  1580
Throw: Stone             |       |     2 |     2 |       |       |       |       ||     4
       Dart              |       |       |       |       |       |    10 |       ||    10
       Throwing net      |       |       |       |       |       |     9 |     3 ||    12
 Cast: Sandblast         |    37 |    23 |       |       |       |       |       ||    60
       Stone Arrow       |     1 |    29 |    27 |    68 |    73 |       |       ||   198
       Petrify           |       |       |     1 |    10 |     1 |     5 |       ||    17
       Lee's Rapid Decon |       |       |    22 |    60 |   174 |   128 |   164 ||   548
       Force Lance       |       |       |       |    31 |    55 |    53 |    17 ||   156
       Regeneration      |       |       |       |     1 |    10 |    49 |    38 ||    98
       Airstrike         |       |       |       |     9 |     2 |    67 |    17 ||    95
       Blink             |       |       |       |     1 |     4 |     4 |       ||     9
       Iron Shot         |       |       |       |       |    37 |    41 |    22 ||   100
       Conjure Ball Ligh |       |       |       |       |       |    65 |    35 ||   100
       Summon Lightning  |       |       |       |       |       |    10 |       ||    10
       Shatter           |       |       |       |       |       |     1 |       ||     1
       Passwall          |       |       |       |       |       |       |     3 ||     3
       Silence           |       |       |       |       |       |       |     4 ||     4
 Abil: Fly               |       |       |       |       |       |     1 |       ||     1
Evoke: Wand              |       |     8 |     2 |     5 |    35 |    40 |    14 ||   104
  Use: Potion            |     5 |     6 |     4 |     3 |    10 |    26 |    10 ||    64
       Scroll            |     3 |     1 |     8 |    14 |    15 |    39 |     8 ||    88
 Stab: Distracted        |     1 |       |       |     3 |       |     5 |     2 ||    11
       Sleeping          |     1 |     3 |     4 |     2 |     3 |     3 |       ||    16
       Invisible         |       |     1 |       |       |       |       |       ||     1
       Petrified         |       |       |     6 |    21 |     7 |    11 |       ||    45
       Paralysed         |       |       |       |       |     6 |       |       ||     6
       Petrifying        |       |       |       |       |     1 |       |       ||     1
       Held in net/web   |       |       |       |       |       |       |     2 ||     2
  Eat: Ration            |     1 |     2 |     5 |     7 |    13 |    10 |     6 ||    44
       Chunk             |       |     4 |     3 |    22 |    22 |    60 |    27 ||   138
Armor: Robe              |    24 |    81 |   188 |    73 |       |       |       ||   366
       Skin              |     5 |    10 |    75 |       |       |       |       ||    90
       Leather armour    |       |       |       |   405 |   654 |   857 |   394 ||  2310
Dodge: Dodged            |    41 |   154 |   282 |   706 |   871 |  1032 |   495 ||  3581
       Deflected         |       |       |       |       |     4 |   117 |    94 ||   215
Block: Buckler           |       |       |       |       |       |   332 |   322 ||   654
